 Dungeon Crawl Stone Soup version 0.29.1-2-gbd0b4ee654 (webtiles) character file.

Game seed: 5255285658418936318

1705 Icepheonix32 the Frost Mage (level 9, -3/50 (51) HPs)
             Began as an Octopode Ice Elementalist on Oct 31, 2022.
             Was an Initiate of Vehumet.
             Slain by a wight
             ... wielding a +3 dire flail
              (11 damage)
             ... on level 6 of the Dungeon.
             The game lasted 00:11:04 (7606 turns).

Icepheonix32 the Frost Mage (OpIE)                  Turns: 7606, Time: 00:11:05

HP:   -3/50 (51)    AC:  9    Str:  7    XL:     9   Next: 3%
MP:   3/12          EV: 13    Int: 17    God:    Vehumet [......]
Gold: 270           SH:  0    Dex: 17    Spells: 1/12 levels left

rFire   . . .      SeeInvis .   b - +0 short sword (speed)
rCold   . . .      Faith    .   (no shield)
rNeg    . . .      Spirit   .   (helmet restricted)
rPois   .          Reflect  .   (no amulet)
rElec   .          Harm     .   (no ring)
rCorr   .          Rampage  .   (no ring)
Will    .....                   (no ring)
Stlth   +++.......              (no ring)
HPRegen 0.16/turn               (no ring)
MPRegen 0.13/turn               (no ring)
                                (no ring)
                                (no ring)

@: ice-armoured, lightly drained
A: almost no armour, amphibious, 8 rings, camouflage 1, gelatinous body 1,
(nimble swimmer 1), tentacles
a: Renounce Religion


You were on level 6 of the Dungeon.
You worshipped Vehumet.
Vehumet was noncommittal.
You visited 2 branches of the dungeon, and saw 7 of its levels.

You collected 270 gold pieces.

Inventory:

Hand Weapons
 b - a +0 short sword of speed (weapon)
 f - a +2 vampiric whip
 o - a +3 whip
 w - a +4 quarterstaff of chaos
 A - a +5 scimitar
Missiles
 g - a throwing net
Jewellery
 r - an amulet of faith
Wands
 n - a wand of charming (8)
Scrolls
 c - a scroll of enchant weapon {unknown}
 d - 3 scrolls of teleportation
 e - a scroll of butterflies {unknown}
 h - a scroll of immolation
 p - a scroll of enchant armour {unknown}
 q - a scroll of identify
 s - a scroll of fear {unknown}
 t - a scroll of summoning {unknown}
 v - 2 scrolls of blinking {unknown}
 y - a scroll of poison {unknown}
 z - a scroll of brand weapon {unknown}
Potions
 a - a potion of magic
 i - a potion of curing
 j - a potion of cancellation
 k - a potion of lignification
 l - a potion of flight
 m - a potion of ambrosia
 u - a potion of attraction {unknown}
 x - a potion of brilliance {unknown}


   Skills:
 + Level 2.3 Dodging
 + Level 2.6 Stealth
 + Level 2.0 Spellcasting
 * Level 11.8 Ice Magic


You had one spell level left.
You knew the following spells:

 Your Spells              Type           Power      Damage    Failure   Level
a - Freeze                Ice            100%       1d11      1%          1
b - Ozocubu's Armour      Ice            41%        N/A       1%          3
c - Frozen Ramparts       Ice            82%        1d13      1%          3
d - Hailstorm             Conj/Ice       21%        3d6       17%         4

Your spell library contained the following spells:

 Spells                   Type           Power      Damage    Failure   Level
 Apportation              Tloc           2%         N/A       19%         1
 Necrotise                Necr           4%         1d4       19%         1
 Summon Small Mammal      Summ           4%         N/A       19%         1
 Poisonous Vapours        Pois/Air       2%         N/A       28%         2
 Corpse Rot               Necr/Pois/Air  1%         N/A       88%         4


Dungeon Overview and Level Annotations

Branches:
Dungeon (6/15)             Temple (1/1) D:6

Altars:
Ashenzari
Cheibriados
Dithmenos
Fedhas
Hepliaklqana
Kikubaaqudgha
Makhleb
Nemelex Xobeh
Okawaru
Qazlal
Ru
Sif Muna
Uskayaw
Vehumet
Wu Jian
Xom
Yredelemnul
Zin

Shops:
D:2 [


Innate Abilities, Weirdness & Mutations

You cannot wear most types of armour.
You are amphibious.
You can wear up to eight rings at the same time.
Your skin changes colour to match your surroundings (Stealth+).
Your rubbery body absorbs attacks. (AC +1, EV +1)
((You are camouflaged when in or above water. (Stealth+)))
You have tentacles for arms and can constrict up to eight enemies at once.


Message History

The wight is lightly damaged.
You constrict the wight.
Unknown command.
You hit the wight but do no damage. You squeeze the wight!
The wight is severely damaged.
You constrict the wight, but do no damage.
The wight completely resists.
The wall freezes the wight but does no damage.
The wight hits you with a +3 dire flail.
You feel drained.
You hit the wight but do no damage.
You squeeze the wight, but do no damage.
The wight is severely damaged.
The frozen ramparts melt away.
You constrict the wight. The wight closely misses you.
Unknown command.
You hit the wight but do no damage.
The wight is severely damaged.
You constrict the wight.
The wight hits you with a +3 dire flail!
* * * LOW HITPOINT WARNING * * *
Unknown command.
Casting: Ozocubu's Armour (safe; 1% risk of failure)
Confirm with . or Enter, or press ? or * to list all spells.
Aiming: Freeze (safe; 1% risk of failure)
Press: ? - help, Shift-Dir - straight line, f/p - wight
Aim: a wight, wielding a +3 dire flail and wearing a +0 robe (almost destroyed, constricted by you)
You freeze the wight.
The wight resists.
The wight is almost destroyed.
You constrict the wight, but do no damage.
The wight closely misses you.
Casting: Freeze (safe; 1% risk of failure)
Confirm with . or Enter, or press ? or * to list all spells.
Aiming: Freeze (safe; 1% risk of failure)
Press: ? - help, Shift-Dir - straight line, f/p - wight
Aim: a wight, wielding a +3 dire flail and wearing a +0 robe (almost destroyed, constricted by you)
You freeze the wight but do no damage.
The wight completely resists.
You constrict the wight, but do no damage.
The wight hits you with a +3 dire flail!
You die...

#...##.........
####<....#.###..[
........#...#.....
..........###.#...
....
..####.......#.##..
#... #
.##....##......#
#....
##.##....###......
#....#
#..#####...)...###
#....##@# #..###.##
#
.....#z######...##.#
# #..#.##.....#.####
# ##..[.##.#####..##
# ##...#.#..# ##..##
# #...##...## ##..#
# #........# ##.##
#...........# #..#
#.#.......#...#
##.###


You could see a wight.

Vanquished Creatures
  The ghost of Tiocfaidh the Trooper, an amateur KoFi (D:3)
  2 ice beasts (D:6)
  An ogre (D:3)
  2 necrophages
  5 scorpions
  A hound (D:5)
  Crazy Yiuf (D:5)
  3 jellies
  Jessica (D:2)
  6 iguanas
  Ijyb (D:4)
  2 orc wizards (D:6)
  Natasha (thrice) (D:2)
  Terence (D:2)
  7 adders
  4 gnolls
  A white imp (D:4)
  An ufetubus (D:5)
  5 orcs
  9 endoplasms
  2 giant cockroaches
  6 goblins
  5 hobgoblins
  4 jackals
  9 kobolds
  3 quokkas
  4 ball pythons
  5 bats
  A frilled lizard (D:3)
  3 rats
99 creatures vanquished.

Vanquished Creatures (collateral kills)
  A wraith (D:6)
  2 wights (D:6)
3 creatures vanquished.

Vanquished Creatures (others)
  A withered plant (D:3)
1 creature vanquished.

Grand Total: 103 creatures vanquished

Notes
Turn   | Place    | Note
-------+----------+-------------------------------------------
     0 | D:1      | Icepheonix32 the Octopode Ice Elementalist began the quest
                  | for the Orb.
     0 | D:1      | Reached XP level 1. HP: 11/11 MP: 3/3
   184 | D:1      | Reached XP level 2. HP: 8/17 MP: 0/5
   775 | D:1      | Found a faded altar of an unknown god.
  1414 | D:2      | Noticed Natasha
  1422 | D:2      | Killed Natasha
  1423 | D:2      | Reached skill level 5 in Ice Magic
  1423 | D:2      | Reached XP level 3. HP: 21/21 MP: 4/6
  1427 | D:2      | Learned a level 3 spell: Ozocubu's Armour
  1523 | D:2      | Reached XP level 4. HP: 27/27 MP: 2/7
  1618 | D:2      | Noticed Jessica
  1625 | D:2      | Killed Jessica
  1656 | D:2      | Noticed Terence
  1670 | D:2      | Killed Terence
  1671 | D:2      | Reached skill level 6 in Ice Magic
  1867 | D:2      | Found Laasano's Armour Boutique.
  2149 | D:3      | Reached XP level 5. HP: 31/31 MP: 6/8
  2217 | D:3      | Found an ancient bone altar of Kikubaaqudgha.
  2334 | D:2      | Learned a level 3 spell: Frozen Ramparts
  2345 | D:3      | Noticed Tiocfaidh's ghost (amateur KoFi)
  2345 | D:3      | Found a runed translucent door.
  2365 | D:2      | Noticed Natasha
  2368 | D:2      | Killed Natasha
  2550 | D:2      | Noticed Natasha
  2565 | D:2      | Killed Natasha
  2614 | D:3      | Noticed an ogre
  2628 | D:3      | Killed an ogre
  2629 | D:3      | Reached skill level 7 in Ice Magic
  2629 | D:3      | Reached XP level 6. HP: 25/36 MP: 1/9
  2726 | D:3      | Found an iron altar of Okawaru.
  2735 | D:3      | Found a snail-covered altar of Cheibriados.
  2977 | D:3      | Found the +0 pair of fencer's gloves {Riposte Dex+3}
  3216 | D:3      | Killed Tiocfaidh's ghost
  3217 | D:3      | Reached skill level 8 in Ice Magic
  3501 | D:4      | Reached XP level 7. HP: 41/41 MP: 6/10
  3974 | D:4      | Noticed Ijyb
  3983 | D:4      | Killed Ijyb
  4166 | D:4      | Reached skill level 9 in Ice Magic
  4961 | D:5      | Entered Level 5 of the Dungeon
  5274 | D:5      | Found a runed translucent door.
  5275 | D:5      | Noticed Crazy Yiuf
  5360 | D:5      | Reached XP level 8. HP: 33/46 MP: 7/11
  5805 | D:5      | Reached skill level 10 in Ice Magic
  6279 | D:5      | Killed Crazy Yiuf
  6721 | D:6      | Found a staircase to the Ecumenical Temple.
  6736 | Temple   | Entered the Ecumenical Temple
  6802 | Temple   | Became a worshipper of Vehumet
  6865 | D:6      | Learned a level 4 spell: Hailstorm
  7118 | D:6      | Found a shadowy altar of Dithmenos.
  7151 | D:6      | Reached skill level 11 in Ice Magic
  7569 | D:6      | Noticed a wraith
  7580 | D:6      | Killed a wraith
  7584 | D:6      | Reached XP level 9. HP: 40/51 MP: 12/12
  7606 | D:6      | Slain by a wight

Illustrated notes

Levels and vault maps discovered:
D:1:      scummos_arrival_checkerplants, layout_basic,
          shapermc_ecumenical_altar_mp_ritualfount
D:2:      layout_loops_ring, serial_shops, shop, uniq_jessica, uniq_natasha,
          uniq_terence
D:3:      layout_rooms, kiku_gazebo_garden_becter, grunt_temple_overflow_open,
          hellmonk_ghost_happy_afterlife
D:4:      layout_loops_corners, uniq_ijyb
D:5:      layout_rooms, serial_glass, glass_columns_a, glass_columns_b,
          minmay_misc_feat_encased, uniq_crazy_yiuf_cottage
D:6:      layout_rooms, nicolae_gozag_cash_rules_everything_around_me,
          nicolae_dithmenos_the_darkroom, mainiacjoe_overflow_alcove_4,
          minmay_temple_entry_slanted
Temple:   nicolae_temple_ecumenical_triangle

Skill      XL: |  1  2  3  4  5  6  7  8 |
---------------+-------------------------+-----
Ice Magic      | 5 6 7 8 9 11 | 11.8
Dodging        | |  2.3
Stealth        | |  2.6
Spellcasting   | |  2.0

Action                   |  1- 3 |  4- 6 |  7- 9 || total
-------------------------+-------+-------+-------++-------
Melee: Dagger            |     3 |       |       ||     3
       Constrict         |     4 |     9 |    16 ||    29
       Unarmed           |     1 |       |       ||     1
       Whip              |    13 |       |       ||    13
       Tentacles         |     2 |    14 |    35 ||    51
       Short sword       |     1 |    50 |   114 ||   165
       Punch             |       |       |     3 ||     3
 Cast: Freeze            |    20 |    28 |    65 ||   113
       Ozocubu's Armour  |       |     4 |     4 ||     8
       Frozen Ramparts   |       |     6 |     8 ||    14
Evoke: Wand              |       |       |     2 ||     2
  Use: Scroll            |     2 |     4 |       ||     6
       Potion            |       |     2 |     5 ||     7
 Stab: Sleeping          |     7 |     3 |     4 ||    14
       Distracted        |       |     1 |       ||     1
       Betrayed ally     |       |       |     1 ||     1
Armor: Skin              |     5 |    10 |    16 ||    31
Dodge: Dodged            |    17 |    51 |    70 ||   138
